 Dungeon Crawl Stone Soup version 0.30-a0-571-gdf30a72648 (webtiles) character file.

Game seed: 6042140072595004924

1227 oldmanjim the Magician (level 8, -1/56 HPs)
             Began as a Djinni Earth Elementalist on Dec 29, 2022.
             Shot with an arrow by a centaur (10 damage)
             ... on level 5 of the Dungeon.
             The game lasted 00:35:05 (4687 turns).

oldmanjim the Magician (Djinni Earth Elementalist)  Turns: 4687, Time: 00:35:05

Health: -1/56      AC:  4    Str:  7    XL:     8   Next: 76%
Gold:   121        EV: 18    Int: 19    God:
                   SH:  7    Dex: 14

rFire   + + .      SeeInvis .    a - +0 sling
rCold   + . .      Faith    .    f - +2 buckler "Wavor" {Fly rC+ rCorr}
rNeg    . . .      Spirit   .    m - +0 robe
rPois   ∞          Reflect  .    (no helmet)
rElec   .          Harm     .    y - +0 cloak {Will+}
rCorr   +          Rampage  .    p - +0 pair of gloves
Will    +....                    (boots unavailable)
Stlth   ++                       (no amulet)
HPRegen 0.29/turn                H - ring of protection from cold
MPRegen 0.00/turn                s - +5 ring of evasion

@: flying
A: sickness immunity, fire resistance 2, cold vulnerability 1, float, innate
caster, HP casting, extra vitality 1
a: no special abilities


You were on level 5 of the Dungeon.
You visited 1 branch of the dungeon, and saw 5 of its levels.
You also visited: Ossuary.

You collected 421 gold pieces.
You spent 300 gold pieces at shops.

Inventory:

Hand Weapons
 a - a +0 sling (weapon)
 b - a +0 dagger
Missiles
 e - 8 boomerangs
 g - 37 stones
 l - 4 javelins
 o - 6 atropa-tipped darts
 L - 4 poisoned darts
Armour
 f - the +2 buckler "Wavor" (worn) {Fly rC+ rCorr}
   (You acquired it on level 2 of the Dungeon)

   rC:        It protects you from cold.
   Fly:       It grants you flight.
   rCorr:     It protects you from acid and corrosion.
 m - a +0 robe (worn)
 p - a +0 pair of gloves (worn)
 y - a +0 cloak of willpower (worn)
Jewellery
 h - a ring of protection from fire
 s - a +5 ring of evasion (right hand)
 H - a ring of protection from cold (left hand)
 I - a ring of positive energy
Scrolls
 c - a scroll of fear
 d - 3 scrolls of teleportation
 i - a scroll of fog
 n - a scroll of noise {unknown}
 q - 2 scrolls of blinking
 t - 3 scrolls of enchant armour
 u - a scroll of enchant weapon {unknown}
 v - a scroll of magic mapping
 w - a scroll of immolation
 J - a scroll of identify
 M - a scroll of poison {unknown}
Potions
 j - 4 potions of curing {unknown}
 k - 2 potions of attraction {unknown}
 r - a potion of berserk rage {unknown}
 x - a potion of lignification {unknown}
 z - a potion of haste {unknown}
 A - a potion of brilliance {unknown}
 B - 4 potions of heal wounds {unknown}
 C - 2 potions of ambrosia {unknown}
 D - a potion of resistance {unknown}
 E - 4 potions of degeneration {unknown}
 F - a potion of mutation {unknown}
 G - a potion of invisibility
 K - a potion of cancellation {unknown}


   Skills:
 - Level 3.5 Fighting
 - Level 4.6 Dodging
 - Level 1.5 Stealth
 - Level 5.0 Shields
 + Level 5.5 Spellcasting


You had 2 spell levels left.
You knew the following spells:

 Your Spells              Type           Power      Damage    Failure   Level
a - Sandblast             Erth           52%        2d12      1%          1
b - Passwall              Tmut/Erth      21%        N/A       2%          2
c - Stone Arrow           Conj/Erth      52%        3d10      4%          3
d - Petrify               Tmut/Erth      26%        N/A       16%         4
e - Summon Small Mammal   Summ           100%       N/A       1%          1
f - Call Imp              Summ           26%        N/A       2%          2
g - Tukima's Dance        Hex            26%        N/A       4%          3
Your spell library was empty.

Dungeon Overview and Level Annotations

Branches:
Dungeon (5/15)            Ossuary (visited)
 Temple: D:4-7

Altars:
Okawaru
Trog
Uskayaw

Shops:
D:2 *


Innate Abilities, Weirdness & Mutations

You are immune to sickness and miasma.
You are immune to poison.
Your flesh is very heat resistant. (rF++)
You are vulnerable to cold. (rC-)
You float through the air rather than walking.
You learn spells naturally, not from books.
Your magical power is your life essence.
You have superior vitality. (+4 MHP)


Message History

a +0 whip; a kobold corpse
There is a stone staircase leading up here.
You fly upwards.
There is a stone staircase leading down here.
You start resting.
HP restored.
You fly downwards.
There is a stone staircase leading up here.
Things that are here:
a +0 whip; a kobold corpse
Things that are here:
a +0 club; a +0 whip of draining
Found 3 stones.
Found a scale mail.
M - a scroll labelled ESESI LOAPT
Found a cloak.
Found a polished long sword.
You see here a +0 scale mail.
You see here a +0 cloak.
A centaur comes into view.
You see here the +2 long sword "Iluofiv" {freeze, rPois}.
You shoot a sling bullet. The sling bullet hits the centaur.
The centaur shouts!
The centaur is moderately wounded.
The centaur wields a +0 shortbow.
The centaur shoots an arrow.
The arrow hits you!
The centaur shoots an arrow.
The arrow hits you.
The centaur shoots an arrow.
The arrow hits you.
The centaur shoots an arrow.
The arrow hits you!
The centaur shoots an arrow.
The arrow misses you.
The centaur shoots an arrow.
The arrow hits you!
* * * LOW HITPOINT WARNING * * *
You see here a +0 shortbow.
The centaur shoots an arrow.
The arrow hits you!
* * * LOW HITPOINT WARNING * * *
The centaur shoots an arrow.
You block the arrow.
Things that are here:
a +0 club; a +0 whip of draining The centaur shoots an arrow.
You block the arrow.
The centaur shoots an arrow.
The arrow hits you!
You die...

##..### ###.(...##
#..#
######........###..#
.......[.###...##..#
........## ##..##..#
........## #..##..#
....[....# #..##..#
#....###..###..##..#
#....# #..##..)@<.#
c....## #..)......#
).c...## #.........#
#####..###...##...##
##...c.(####..#
###....# #..# ##...#
#..# ....# #..#
....##


You could see a centaur.

Vanquished Creatures
  A black bear (D:4)
  An orc warrior (D:4)
  An ice beast (D:4)
  A centaur (D:5)
  A kobold brigand (D:5)
  3 scorpions
  2 orc priests
  A gnoll bouda (D:4)
  Jessica (D:3)
  Natasha (thrice) (D:2)
  An iguana (D:4)
  5 orc wizards
  8 mummies (Ossuary)
  5 gnolls (D:4)
  3 adders
  2 worms
  9 orcs
  8 ball pythons
  4 bats
  7 endoplasms
  3 giant cockroaches
  2 gnoll zombies (Ossuary)
  7 goblins
  5 hobgoblins
  2 jackals (D:1)
  13 kobolds
  8 quokkas
  3 frilled lizards (D:1)
  2 hobgoblin zombies (Ossuary)
  A kobold zombie (Ossuary)
  3 orc zombies (Ossuary)
  3 rats (D:1)
119 creatures vanquished.

Notes
Turn   | Place    | Note
-------+----------+-------------------------------------------
     0 | D:1      | oldmanjim the Djinni Earth Elementalist began the quest for
                  | the Orb.
     0 | D:1      | oldmanjim set off with the following spells memorised:
                  | Sandblast, Passwall, Stone Arrow, Petrify.
     0 | D:1      | Reached XP level 1. HP: 15/15 MP: 0/0
   117 | D:1      | Reached XP level 2. HP: 21/22 MP: 0/0
   181 | D:1      | Reached skill level 1 in Fighting
   439 | D:1      | Reached XP level 3. HP: 20/27 MP: 0/0
   439 | D:1      | Learned a level 1 spell: Summon Small Mammal
   832 | D:2      | Found Vazxok's General Store.
   834 | D:2      | Noticed Natasha
   838 | D:2      | Killed Natasha
   839 | D:2      | Reached XP level 4. HP: 29/33 MP: 0/0
   840 | D:2      | Bought a scroll of identify for 24 gold pieces
   955 | D:2      | Noticed Natasha
   958 | D:2      | Killed Natasha
  1101 | D:2      | Reached XP level 5. HP: 35/38 MP: 0/0
  1101 | D:2      | Learned a level 2 spell: Call Imp
  1216 | D:2      | Found a faded altar of an unknown god.
  1822 | D:3      | Found a hide-covered altar of Uskayaw.
  1854 | D:3      | Reached XP level 6. HP: 43/45 MP: 0/0
  2166 | D:2      | Bought a scroll of magic mapping for 90 gold pieces
  2259 | D:4      | Found a sand-covered staircase.
  2265 | Ossuary  | Entered an ossuary
  2756 | D:2      | Noticed Natasha
  2760 | D:2      | Killed Natasha
  2800 | D:2      | Bought a scroll of enchant armour for 90 gold pieces
  2800 | D:2      | Bought a potion of invisibility for 96 gold pieces
  2800 | D:2      | Identified 2 scrolls of acquirement
  2802 | D:2      | Acquired a +0 cloak of willpower
  2803 | D:2      | Acquired the +2 buckler "Wavor" {Fly rC+ rCorr}
  2983 | D:4      | Reached skill level 1 in Shields
  2983 | D:4      | Reached XP level 7. HP: 47/50 MP: 0/0
  2983 | D:4      | Learned a level 3 spell: Tukima's Dance
  3093 | D:3      | Found a bloodstained altar of Trog.
  3308 | D:3      | Noticed Jessica
  3309 | D:3      | Killed Jessica
  3992 | D:4      | Reached XP level 8. HP: 34/56 MP: 0/0
  4340 | D:4      | Reached skill level 5 in Spellcasting
  4473 | D:4      | Found an iron altar of Okawaru.
  4523 | D:5      | Entered Level 5 of the Dungeon
  4581 | D:5      | Reached skill level 5 in Shields
  4670 | D:5      | Identified the +2 long sword "Iluofiv" {freeze, rPois}
  4687 | D:5      | Shot with an arrow by a centaur

Illustrated notes

Levels and vault maps discovered:
D:1:      lightli_arrival_quake, layout_loops_ring
D:2:      layout_basic, ebering_ecumenical_altar_abandoned, serial_shops, shop,
          uniq_natasha
D:3:      layout_basic, marbit_many_paths, mainiacjoe_overflow_brackets,
          st_stairs_8, uniq_jessica
D:4:      layout_basic, kennysheep_okawaru_gauntlet, enter_ossuary_1,
          minmay_misc_feat_more_columns
D:5:      layout_layer_cave

Skill      XL: |  1  2  3  4  5  6  7  8 |
---------------+-------------------------+-----
Fighting       | 1 2 3 |  3.5
Dodging        | 3 4 |  4.6
Spellcasting   | 3 4 5 |  5.5
Shields        | 1 3 5 |  5.0
Stealth        | |  1.5

Action                   |  1- 3 |  4- 6 |  7- 9 || total
-------------------------+-------+-------+-------++-------
Melee: Sling             |       |       |     1 ||     1
 Fire: Sling             |       |    73 |    43 ||   116
Throw: Boomerang         |     5 |     5 |       ||    10
 Cast: Sandblast         |    35 |    40 |    24 ||    99
       Stone Arrow       |     1 |    26 |    49 ||    76
       Call Imp          |       |     2 |     1 ||     3
       Summon Small Mamm |       |       |     1 ||     1
  Use: Scroll            |     1 |     7 |       ||     8
Armor: Robe              |     1 |     2 |     5 ||     8
Dodge: Dodged            |    13 |    15 |    17 ||    45
Block: Buckler           |       |       |    11 ||    11

Table legend: (Time is in decaauts)
 A = Elapsed time spent in this place.
 B = Non-inter-level travel time spent in this place.
 C = Inter-level travel time spent in this place.
 D = Time resting spent in this place.
 E = Time spent auto-exploring this place.
 F = Levels seen in this place.
 G = Mean time per level.
                   A        B        C        D        E       F      G
               +--------+--------+--------+--------+--------+-----+--------+
         Total |   4790 |   4350 |    440 |    879 |   2407 |   6 |  798.3 |
       Dungeon |   4309 |   3869 |    440 |    702 |   2374 |   5 |  861.8 |
       Ossuary |    481 |    481 |      0 |    177 |     33 |   1 |  481.0 |
               +--------+--------+--------+--------+--------+-----+--------+

Top non-repeatable levels by time:
     D:3: 1629 daAuts
     D:4: 883 daAuts
     D:2: 847 daAuts
     D:1: 839 daAuts
 Ossuary: 481 daAuts
     D:5: 110 daAuts
